 Dungeon Crawl Stone Soup version 0.25-a0-294-gea9b1ad378 (webtiles) character file.

Game seed: 6900674937864583962, levelgen mode: deterministic

1264 tilp the Fortune-Teller (level 8, -8/64 HPs)
             Began as a Human Artificer on Dec 19, 2019.
             Was a Believer of Nemelex Xobeh.
             Mangled by an ogre
             ... wielding a +0 giant club
              (13 damage)
             ... on level 6 of the Dungeon.
             The game lasted 00:14:12 (6898 turns).

tilp the Fortune-Teller (Human Artificer)           Turns: 6898, Time: 00:14:12

Health: -8/64      AC: 15    Str: 14    XL:     8   Next: 82%
Magic:  12/12      EV:  8    Int: 12    God:    Nemelex Xobeh [**....]
Gold:   288        SH:  0    Dex: 14    Spells: 7/7 levels left

rFire    + . .     SeeInvis .   G - +0 war axe
rCold    . . .     Gourm    .   (no shield)
rNeg     . . .     Faith    .   E - +0 chain mail
rPois    .         Spirit   .   q - +2 helmet
rElec    .         Reflect  .   H - scarf {cloud immunity}
rCorr    .         Harm     .   C - +0 pair of gloves
MR       .....                  F - +0 pair of boots
Stlth    ..........             (no amulet)
HPRegen  0.20/turn              A - ring of protection from fire
MPRegen  0.13/turn              p - +1 ring of protection

@: no status effects
A: no striking features
a: Draw Escape, Draw Destruction, Draw Summoning, Renounce Religion


You were on level 6 of the Dungeon.
You worshipped Nemelex Xobeh.
Nemelex Xobeh was pleased with you.
You were not hungry.

You visited 1 branch of the dungeon, and saw 6 of its levels.

You collected 288 gold pieces.

Inventory:

Hand Weapons
 a - a +0 hand axe
 b - a +0 hunting sling
 y - a +2 spear of chaos
 G - a +0 war axe (weapon)
Missiles
 i - 13 poisoned darts
 l - 221 stones (quivered)
 B - 7 boomerangs
 I - 3 javelins
 O - 4 silver javelins
Armour
 q - a +2 helmet (worn)
 C - a +0 pair of gloves (worn)
 E - a +0 chain mail (worn)
 F - a +0 pair of boots (worn)
 H - a scarf of cloud immunity (worn)
 J - a +0 shield
Jewellery
 p - a +1 ring of protection (right hand)
 x - an uncursed ring of ice
 A - a ring of protection from fire (left hand)
Wands
 c - a wand of flame (17)
 d - a wand of enslavement (9)
 e - a wand of random effects (9)
Scrolls
 j - a scroll of enchant weapon {unknown}
 k - a scroll of blinking {unknown}
 n - 2 scrolls of amnesia {unknown}
 o - a scroll of immolation {unknown}
 u - a scroll of fear
 w - a scroll of remove curse
 D - 2 scrolls of fog {unknown}
 L - a scroll of enchant armour {unknown}
 M - 2 scrolls of teleportation
 N - 2 scrolls of identify
Potions
 g - a potion of resistance
 h - 3 potions of cancellation
 m - 4 potions of haste
 r - a potion of mutation
 s - a potion of flight
 t - 2 potions of curing
 v - a potion of invisibility
 z - a potion of ambrosia {unknown}
 K - 2 potions of lignification
Comestibles
 f - 15 rations


   Skills:
 - Level 6.1 Fighting
   Level 1.0 Short Blades
 + Level 2.9 Armour
 - Level 4.3 Dodging
 - Level 1.0 Stealth
 - Level 6.4 Invocations
 - Level 3.0 Evocations


You had 7 spell levels left.
You didn't know any spells.
Your spell library was empty.

Dungeon Overview and Level Annotations

Branches:
Dungeon (6/15)             Temple (0/1) D:5

Altars:
Ashenzari
Cheibriados
Kikubaaqudgha
Nemelex Xobeh
Trog
Vehumet
Xom
The Shining One

Shops:
D:5 %


Message History

The ogre is severely wounded.
The ogre hits you with a +0 giant club!
You are too injured to fight recklessly!
You are too injured to fight recklessly!
You are too injured to fight recklessly!
You hit the ogre.
The ogre is severely wounded.
The ogre barely misses you.
You hit the ogre but do no damage.
The ogre is severely wounded.
The ogre hits you with a +0 giant club!!
* * * LOW HITPOINT WARNING * * *
Your chain mail prevents you from hitting the ogre.
The ogre is severely wounded.
The ogre hits you but does no damage.
The ogre hits you with a +0 giant club!!
* * * LOW HITPOINT WARNING * * *
The ogre hits you with a +0 giant club!
You die...
Your body disappears without a glow.

#.# #.#
#...... # ..
#.# #.#####
#.##. #.# #.#
..#....##.#
#.#
#......†#.#
#.#####
########.#.#
#......
...........#
#######
###....O#.##
#.....
####...@....#
#.####
#.....#####(#
###.#..#
#.......# .#
#...#..#
#.....#.# ##
#.....
#.....#.#
#.#..#
#.....#.#
#.....
#.....#.#
#.#...#.
.......#.#
#.......
#.##.....#.#
.........


You could see an ogre.

Vanquished Creatures
  Grinder (D:4)
  A water moccasin (D:5)
  A phantom (D:4)
  An ogre (D:6)
  2 centaurs (D:5)
  A bullfrog (D:6)
  A crimson imp (D:5)
  An orc priest (D:5)
  2 hounds
  A jelly (D:5)
  A bullfrog skeleton (D:4)
  A centaur skeleton (D:4)
  3 worker ants
  A hound zombie (D:5)
  A mummy (D:5)
  5 adders
  4 gnolls
  2 adder zombies (D:5)
  2 worms (D:3)
  3 dart slugs
  4 leopard geckos
  11 orcs
  7 bats
  5 giant cockroaches
  10 goblins
  3 hobgoblins
  3 jackals (D:3)
  4 quokkas
  A ball python (D:4)
  3 frilled lizards
  A giant cockroach zombie (D:5)
  A hobgoblin zombie (D:5)
  A jackal zombie (D:6)
  8 kobolds
  2 leopard gecko skeletons
  3 orc zombies (D:5)
  A quokka skeleton (D:4)
  11 rats
114 creatures vanquished.

Vanquished Creatures (collateral kills)
  2 orc priests (D:3)
  4 orcs
  A ball python (D:3)
7 creatures vanquished.

Vanquished Creatures (others)
  2 orc wizards
  A gnoll (D:2)
  An orc (D:3)
4 creatures vanquished.

Grand Total: 125 creatures vanquished

Notes
Turn   | Place    | Note
-------+----------+-------------------------------------------
     0 | D:1      | tilp the Human Artificer began the quest for the Orb.
     0 | D:1      | Reached XP level 1. HP: 15/15 MP: 3/3
   131 | D:1      | Reached XP level 2. HP: 22/22 MP: 4/4
   352 | D:1      | Reached XP level 3. HP: 28/28 MP: 5/5
   869 | D:2      | Found a bloodstained altar of Trog.
  1016 | D:2      | Found a sparkling altar of Nemelex Xobeh.
  1057 | D:2      | Reached XP level 4. HP: 11/37 MP: 6/6
  1060 | D:2      | Became a worshipper of Nemelex Xobeh the Trickster
  1450 | D:2      | Received a gift from Nemelex Xobeh
  1565 | D:2      | Reached skill level 1 in Invocations
  1684 | D:2      | Found an ancient bone altar of Kikubaaqudgha.
  1734 | D:2      | Reached XP level 5. HP: 31/42 MP: 7/7
  2385 | D:2      | Found a shimmering altar of Xom.
  3190 | D:3      | Reached XP level 6. HP: 48/48 MP: 8/8
  3352 | D:3      | Reached * piety under Nemelex Xobeh
  3705 | D:3      | Found a shattered altar of Ashenzari.
  3812 | D:3      | Received a gift from Nemelex Xobeh
  4032 | D:4      | Found a bloodstained altar of Trog.
  4462 | D:4      | Found a glowing golden altar of the Shining One.
  4573 | D:4      | Found a snail-covered altar of Cheibriados.
  4696 | D:4      | Noticed a phantom
  4733 | D:4      | Killed a phantom
  4733 | D:4      | Reached XP level 7. HP: 54/55 MP: 10/10
  4891 | D:4      | Reached skill level 5 in Fighting
  4907 | D:4      | Found a radiant altar of Vehumet.
  4949 | D:4      | Noticed Grinder
  4959 | D:4      | Paralysed by Grinder for 6 turns
  4966 | D:4      | Killed Grinder
  5026 | D:4      | Reached ** piety under Nemelex Xobeh
  5164 | D:5      | Entered Level 5 of the Dungeon
  5192 | D:5      | Found Hudi's Food Emporium.
  5408 | D:5      | Reached XP level 8. HP: 19/64 MP: 11/11
  5837 | D:5      | Reached skill level 5 in Invocations
  6127 | D:5      | Found a staircase to the Ecumenical Temple.
  6898 | D:6      | Mangled by an ogre

Levels and vault maps discovered:
D:1:      dpeg_arrival_tiny_k, layout_basic
D:2:      layout_loops_ring, nicolae_overflow_hidden_temple,
          lemuel_doored_altar, tgw_xom, first_ration, trog_three_pillars_becter
D:3:      layout_loops_ring, evilmike_ruin_ashenzari
D:4:      layout_loops_ring, vehumet_altar_wand_db, old_standard_altar,
          old_standard_altar, lemuel_tele_altar, uniq_grinder
D:5:      layout_basic, minmay_temple_entry_fiery, serial_shops,
          nicolae_shop_waterfront, st_stairs_4, minmay_mini_ossuary
D:6:      layout_basic

Skill      XL: |  1  2  3  4  5  6  7  8 |
---------------+-------------------------+-----
Fighting       | 2 3 4 6 |  6.1
Invocations    | 1 3 4 6 |  6.4
Dodging        | 3 4 |  4.3
Armour         | 2 |  2.9
Short Blades   | |  1.0
Stealth        | |  1.0
Evocations     | |  3.0

Action                   |  1- 3 |  4- 6 |  7- 9 || total
-------------------------+-------+-------+-------++-------
Melee: Short sword       |    64 |       |       ||    64
       Hand axe          |    57 |   201 |       ||   258
       War axe           |       |    10 |   220 ||   230
Throw: Stone             |       |     7 |     1 ||     8
 Abil: Draw Destruction  |       |     4 |     3 ||     7
       Draw Summoning    |       |     2 |     1 ||     3
       Draw Escape       |       |     1 |       ||     1
Evoke: Wand              |     2 |    14 |     8 ||    24
  Use: Scroll            |       |     9 |     4 ||    13
       Potion            |       |       |     1 ||     1
 Stab: Sleeping          |     1 |     1 |       ||     2
       Paralysed         |       |       |     6 ||     6
  Eat: Chunk             |       |    12 |     8 ||    20
Armor: Leather armour    |    43 |    50 |       ||    93
       Chain mail        |       |    47 |   183 ||   230
Dodge: Dodged            |   108 |   130 |   117 ||   355

Table legend:
 A = Non-vault XP
 B = Vault XP
 C = Vault XP percentage of total XP
 D = Non-vault monster count
 E = Vault monster count
 F = Vault count percentage of total count
                 A         B        C        D         E       F
            +---------+---------+-------+---------+---------+-------
      Total |    1427 |     379 |  21.0 |     110 |      13 |  10.6
            +---------+---------+-------+---------+---------+-------
        D:1 |      39 |       0 |   0.0 |      21 |       0 |   0.0
        D:2 |     104 |      50 |  32.5 |      26 |       4 |  13.3
        D:3 |     111 |      14 |  11.2 |      17 |       1 |   5.6
        D:4 |     346 |     251 |  42.0 |      14 |       2 |  12.5
        D:5 |     609 |      64 |   9.5 |      26 |       6 |  18.8
        D:6 |     218 |       0 |   0.0 |       6 |       0 |   0.0
            +---------+---------+-------+---------+---------+-------
